 Dungeon Crawl Stone Soup version 0.27-a0-223-ge082b6e869 (webtiles) character file.

Game seed: 17493967418915526710

71957 jasper the Blocker (level 14, 0/115 HPs)
             Began as a Demonspawn Brigand on Feb 1, 2021.
             Was a High Priest of Cheibriados.
             Incinerated by Terrapin's ghost (4 damage)
             ... with a sticky flame
             ... on level 10 of the Dungeon on Feb 2, 2021.
             The game lasted 00:53:38 (26100 turns).

jasper the Blocker (Demonspawn Brigand)            Turns: 26100, Time: 00:53:39

Health: 0/115      AC: 18    Str: 24    XL:     14   Next: 99%
Magic:  24/33      EV: 23    Int: 45    God:    Cheibriados [*****.]
Gold:   398        SH: 16    Dex: 29    Spells: 1/23 levels left

rFire    . . .     SeeInvis .     - Unarmed
rCold    + . .     Faith    .   H - +1 kite shield
rNeg     . . .     Spirit   .   Q - +2 leather armour of Yesterday {rC+ Int+4}
rPois    .         Reflect  .   T - +3 hat of Pondering {ponderous, Will+ MP+10 Int+5}
rElec    .         Harm     .   c - +0 cloak
rCorr    .         Rampage  .   P - +1 pair of gloves
Will     ++...                  y - +0 pair of boots
Stlth    ++........             D - amulet of regeneration
HPRegen  1.69/turn              E - +6 ring of intelligence
MPRegen  0.23/turn              d - +4 ring of protection

@: liquid flames, wereblooded (expiring), glowing, very slow
A: talons 2, rugged brown scales 2, powered by death 2, demonic magic 2
a: Renounce Religion, Bend Time, Temporal Distortion, Slouch, Step From Time


You were on level 10 of the Dungeon.
You worshipped Cheibriados.
Cheibriados was extremely pleased with you.
You visited 4 branches of the dungeon, and saw 21 of its levels.
You also visited: Ossuary.

You collected 2160 gold pieces.
You spent 1762 gold pieces at shops.

Inventory:

Hand Weapons
 u - a +4 short sword of electrocution
Missiles
 e - 2 curare-tipped darts
 f - 72 poisoned darts (quivered)
 i - 569 stones
 s - 3 atropa-tipped darts
 w - 4 throwing nets
Armour
 c - a +0 cloak (worn)
 y - a +0 pair of boots (worn)
 H - a +1 kite shield (worn)
 P - a +1 pair of gloves (worn)
 Q - the +2 leather armour of Yesterday (worn) {rC+ Int+4}
   (You bought it in a shop on level 10 of the Dungeon)

   It affects your intelligence (+4).
   It protects you from cold.
 T - the +3 hat of Pondering (worn) {ponderous, Will+ MP+10 Int+5}
   (You took it off Gastronok on level 8 of the Dungeon)

   It affects your intelligence (+5).
   It affects your willpower, your defense against some magical effects.
   It affects your magic capacity (+10).
Jewellery
 a - an uncursed ring of positive energy
 d - a +4 ring of protection (right hand)
 h - a +6 ring of strength
 D - an amulet of regeneration (around neck)
 E - a +6 ring of intelligence (left hand)
 J - an uncursed ring of ice
 K - an uncursed ring of stealth
 O - an uncursed amulet of the acrobat
 U - an uncursed ring of see invisible
Wands
 b - a wand of mindburst (33)
 x - a wand of digging (10)
 I - a wand of charming (8)
 N - a wand of iceblast (4)
 X - a wand of acid (1)
 Y - a wand of flame (19)
Scrolls
 g - 3 scrolls of magic mapping
 k - 2 scrolls of amnesia
 l - a scroll of torment
 m - 14 scrolls of teleportation
 n - a scroll of fog
 o - 2 scrolls of immolation
 p - 10 scrolls of identify
 q - 7 scrolls of remove curse
 r - 3 scrolls of enchant weapon
 v - 4 scrolls of fear
 z - 2 scrolls of blinking
 S - a scroll of enchant armour
Potions
 t - 6 potions of brilliance
 A - a potion of might
 B - 3 potions of resistance
 C - 4 potions of cancellation
 F - 2 potions of mutation
 L - 5 potions of flight
 M - 4 potions of attraction
 R - 2 potions of degeneration
 V - 4 potions of curing
 W - 3 potions of heal wounds
 Z - a potion of invisibility
Miscellaneous
 G - a condenser vane (inert)


   Skills:
 - Level 10.0 Fighting
 - Level 1.7 Short Blades
 - Level 1.7 Throwing
 - Level 10.0 Dodging
 - Level 3.6 Stealth
 + Level 13.5 Shields
 - Level 10.0 Unarmed Combat
 - Level 5.0 Spellcasting
 - Level 4.0 Conjurations
 - Level 4.0 Translocations
 - Level 3.7 Transmutations
 - Level 2.0 Air Magic
 - Level 2.0 Poison Magic
 - Level 12.0 Invocations


You had one spell level left.
You knew the following spells:

 Your Spells              Type           Power        Failure   Level
a - Wereblood             Tmut           44%          1%          2
b - Blade Hands           Tmut           22%          17%         5
c - Blink                 Tloc           N/A          1%          2
d - Mephitic Cloud        Conj/Pois/Air  35%          3%          3
e - Teleport Other        Tloc           47%          1%          3
f - Gell's Gravitas       Tloc           23%          1%          3
g - Lesser Beckoning      Tloc           23%          1%          3
h - Animate Skeleton      Necr           22%          2%          1

Your spell library contained the following spells:

 Spells                   Type           Power        Failure   Level
 Beastly Appendage        Tmut           88%          1%          1
 Magic Dart               Conj           100%         1%          1
 Corona                   Hex            12%          2%          1
 Pain                     Necr           44%          2%          1
 Spider Form              Tmut/Pois      18%          2%          3
 Conjure Flame            Conj/Fire      29%          3%          3
 Dazzling Flash           Conj/Hex       58%          3%          3
 Call Imp                 Summ           11%          4%          2
 Ensorcelled Hibernation  Hex/Ice        22%          4%          2
 Slow                     Hex            11%          4%          2
 Passage of Golubria      Tloc           N/A          5%          4
 Confusing Touch          Hex            11%          9%          3
 Tukima's Dance           Hex            11%          9%          3
 Vampiric Draining        Necr           5%           9%          3
 Ice Form                 Ice/Tmut       27%          13%         4
 Animate Dead             Necr           5%           28%         4
 Agony                    Necr           11%          61%         5


Dungeon Overview and Level Annotations

Branches:
Dungeon (12/15)            Temple (1/1) D:6            Lair (6/6) D:11
  Swamp (0/4) Lair:2        Snake (0/4) Lair:2        Slime (0/5) Lair:6
    Orc (2/2) D:9             Elf (0/3) Orc:2       Ossuary (visited)

Altars:
Ashenzari
Cheibriados
Dithmenos
Elyvilon
Fedhas
Gozag
Hepliaklqana
Kikubaaqudgha
Makhleb
Nemelex Xobeh
Okawaru
Qazlal
Ru
Sif Muna
Trog
Uskayaw
Vehumet
Wu Jian
Xom
Yredelemnul
Zin
The Shining One
Beogh
Jiyva

Shops:
D:8 *   D:9 (   D:10 [   Orc:2 }([=(

Portals:
Trove: D:10 (give +4 ice dragon scales)

Annotations:
D:4 2 transporters, NickelLess's ghost, amateur NaVM
D:9 2 transporters, foci's ghost, novice GrFi
D:12 1 runed translucent door, exclusion: orange crystal statue
Lair:4 exclusion: oklob plant
Lair:6 1 runed translucent door


Innate Abilities, Weirdness & Mutations

You have razor-sharp toenails.
You are mostly covered in rugged brown scales. (AC +2, +5% HP)
You regenerate health from kills.
Spells you cast may paralyse nearby enemies.


Message History

Cheibriados lowers the support of your attributes as your movement quickens.
You are covered in liquid flames!
* * * LOW HITPOINT WARNING * * *
You now have 23/33 mp.
You are on fire!
You are covered in liquid flames!
* * * LOW HITPOINT WARNING * * *
You take 1 damage, and have 16/115 hp.
You are covered in liquid flames!
* * * LOW HITPOINT WARNING * * *
You take 6 damage, and have 10/115 hp.
You are covered in liquid flames!
* * * LOW HITPOINT WARNING * * *
You take 4 damage, and have 6/115 hp.
You are covered in liquid flames!
* * * LOW HITPOINT WARNING * * *
You take 2 damage, and have 4/115 hp.
You howl as the wereblood boils in your veins!
You are covered in liquid flames!
You die...

..# #........# #........... ..#
#........# #........... ..#
#........# #........... ..#
#........# #........... ..#
#........# #........... ..#
#...[....# #...........
..#######........# #...........
.................#####...........
..........######@##..............
..........# #.##.##...........
#..######.# #.................
#..# #.# ###'''####........ #..#
#.# ♣.......♣#........ #..# #.#
#⌠.......⌠#........ #..# #.#
#♣.......♣#.[...... #..# #.#
#(.......=#...(.... #..# #.#
##8.....8##........


There were no monsters in sight!

Vanquished Creatures
  Gastronok (D:8)
  3 dire elephants (Lair:6)
  8 hydras
  A boulder beetle (D:12)
  4 ogre magi (Orc:2)
  16 two-headed ogres
  An anaconda (Lair:6)
  Urug (Orc:2)
  The ghost of knot the Cleaver, a novice DsBe of Trog (D:10)
  The ghost of Terrapin the Arsonist, a novice DgFE (D:10)
  Nergalle (D:10)
  A swamp dragon (Lair:2)
  Pikel (D:8)
  A deep elf pyromancer (D:12)
  An orc knight (Orc:1)
  A lindwurm (Lair:6)
  A cyclops (D:11)
  2 manticores
  4 elephants (Lair:6)
  Joseph (D:9)
  7 black mambas
  12 cane toads
  A gargoyle (D:11)
  A torpor snail (Lair:4)
  10 komodo dragons
  5 rime drakes
  4 polar bears
  4 trolls
  Prince Ribbit (D:7)
  9 slime creatures
  18 blink frogs
  5 dream sheep (Lair:5)
  Sigmund (D:2)
  7 wyverns
  Grum (D:10)
  2 water elementals (D:12)
  33 yaks
  A basilisk (Lair:1)
  2 steam dragons (D:12)
  4 vampire mosquitoes (D:12)
  4 wargs (Orc:1)
  4 nagas
  14 water moccasins
  An acid dragon (D:12)
  2 black bears
  2 ice beasts
  13 orc warriors
  32 ogres
  A necrophage (D:7)
  13 wolves
  A lemure (D:8)
  2 phantoms
  12 centaurs
  2 big kobolds
  19 bullfrogs
  Blork the orc (D:4)
  A water moccasin zombie (D:3)
  7 scorpions
  5 wights (D:6)
  51 killer bees
  3 electric eels
  5 howler monkeys
  3 centaur zombies
  4 bullfrog zombies
  4 hounds
  3 jellies
  16 orc priests
  A centaur skeleton (D:11)
  3 bullfrog skeletons
  2 gnoll shamans
  7 iguanas
  22 orc wizards
  6 worker ants
  3 big kobold zombies (Ossuary)
  2 hound skeletons
  2 mummies (Ossuary)
  A howler monkey skeleton (D:7)
  2 worker ant zombies
  16 gnolls
  10 adders
  A shadow imp (D:5)
  2 white imps
  3 ufetubi
  2 oozes
  4 adder skeletons
  3 worms
  A dart slug (D:2)
  4 leopard geckos
  52 orcs
  2 ball pythons
  7 giant cockroaches
  3 gnoll zombies (Ossuary)
  7 goblins
  8 hobgoblins
  8 jackals
  17 kobolds
  5 quokkas
  8 bats
  4 frilled lizards
  2 goblin zombies (Ossuary)
  3 hobgoblin zombies (Ossuary)
  A leopard gecko skeleton (D:5)
  3 orc zombies (Ossuary)
  A quokka zombie (D:6)
  5 rats
637 creatures vanquished.

Vanquished Creatures (others)
  A bullfrog skeleton (D:10)
  42 fungi
  60 plants
103 creatures vanquished.

Grand Total: 740 creatures vanquished

Notes
Turn   | Place    | Note
-------+----------+-------------------------------------------
     0 | D:1      | jasper the Demonspawn Brigand began the quest for the Orb.
     0 | D:1      | Reached XP level 1. HP: 16/16 MP: 1/1
    47 | D:1      | Reached skill level 1 in Dodging
   247 | D:1      | Gained mutation: Spells you cast may paralyse adjacent
                  | enemies. [demonic ancestry]
   247 | D:1      | Reached XP level 2. HP: 19/22 MP: 2/2
   954 | D:1      | Reached XP level 3. HP: 28/28 MP: 3/3
  1534 | D:2      | Noticed Sigmund
  1554 | D:2      | Killed Sigmund
  1555 | D:2      | Gained mutation: You regenerate a little health from kills.
                  | [demonic ancestry]
  1555 | D:2      | Reached XP level 4. HP: 22/36 MP: 4/4
  1555 | D:2      | Reached XP level 5. HP: 25/41 MP: 5/5
  2794 | D:3      | Gained mutation: Spells you cast may paralyse nearby
                  | enemies. [demonic ancestry]
  2794 | D:3      | Reached XP level 6. HP: 36/48 MP: 5/7
  2896 | D:3      | Reached skill level 1 in Spellcasting
  3525 | D:4      | Found a transporter.
  3529 | D:4      | Noticed NickelLess's ghost (amateur NaVM)
  3530 | D:4      | Found a transporter.
  3598 | D:4      | Found a sand-covered staircase.
  3603 | Ossuary  | Entered an ossuary
  3786 | Ossuary  | Reached skill level 1 in Unarmed Combat
  3841 | Ossuary  | Reached skill level 5 in Dodging
  4162 | D:4      | Reached XP level 7. HP: 34/55 MP: 9/9
  4164 | D:4      | Noticed Blork the orc
  4174 | D:4      | Killed Blork the orc
  4993 | D:5      | Entered Level 5 of the Dungeon
  5444 | D:5      | Reached skill level 5 in Fighting
  5565 | D:5      | Gained mutation: You regenerate health from kills. [demonic
                  | ancestry]
  5565 | D:5      | Reached XP level 8. HP: 62/62 MP: 12/12
  5897 | D:6      | Reached skill level 1 in Shields
  6202 | D:6      | Found a staircase to the Ecumenical Temple.
  6221 | Temple   | Entered the Ecumenical Temple
  6296 | Temple   | Became a worshipper of Cheibriados the Contemplative
  6416 | D:6      | Learned a level 2 spell: Wereblood
  6422 | D:6      | Learned a level 5 spell: Blade Hands
  6459 | D:6      | Found a glowing golden altar of the Shining One.
  6660 | D:6      | Reached skill level 2 in Shields
  6795 | D:7      | Reached * piety under Cheibriados
  7137 | D:7      | Gained mutation: You are partially covered in rugged brown
                  | scales. (AC +1, +3% HP) [demonic ancestry]
  7137 | D:7      | Reached XP level 9. HP: 57/71 MP: 14/14
  7335 | D:7      | Noticed Prince Ribbit
  7348 | D:7      | Killed Prince Ribbit
  7348 | D:7      | Reached ** piety under Cheibriados
  7349 | D:7      | Reached skill level 5 in Unarmed Combat
  7729 | D:8      | Noticed Pikel
  7729 | D:8      | Noticed a two-headed ogre
  7732 | D:8      | Killed Pikel
  7733 | D:8      | Reached skill level 3 in Shields
  7736 | D:8      | Killed a two-headed ogre
  7793 | D:8      | Reached skill level 5 in Spellcasting
  7896 | D:8      | Reached XP level 10. HP: 59/79 MP: 17/17
  8032 | D:8      | Noticed Gastronok
  8103 | D:9      | Found a transporter.
  8104 | D:9      | Noticed foci's ghost (novice GrFi)
  8120 | D:9      | Found a transporter.
  8210 | D:9      | Reached skill level 4 in Shields
  8210 | D:9      | Reached skill level 1 in Invocations
  8452 | D:9      | Reached skill level 1 in Transmutations
  8482 | D:9      | Reached *** piety under Cheibriados
  9180 | D:9      | Found a staircase to the Orcish Mines.
  9249 | D:9      | Found Koruor's Antique Weapon Shop.
  9536 | D:10     | Entered Level 10 of the Dungeon
  9537 | D:10     | Noticed Grum
  9598 | D:10     | Noticed Joseph
  9822 | D:9      | Reached **** piety under Cheibriados
  9956 | D:9      | Killed Joseph
 10391 | D:10     | Found Otu Gece's Antique Armour Boutique.
 10394 | D:10     | Bought a pair of embroidered gloves for 195 gold pieces
 10394 | D:10     | Bought a faintly humming leather armour for 182 gold pieces
 10414 | D:10     | Identified the +2 leather armour of Yesterday {rC+ Int+4}
                  | (You bought it in a shop on level 10 of the Dungeon)
 10441 | D:10     | Found a portal to a secret trove of treasure.
 10471 | D:10     | Reached skill level 5 in Shields
 10474 | D:10     | Gained mutation: You have sharp toenails. [demonic
                  | ancestry]
 10474 | D:10     | Reached XP level 11. HP: 86/86 MP: 18/18
 10557 | D:10     | Noticed Nergalle
 10595 | D:10     | Killed Nergalle
 11121 | D:11     | Reached skill level 5 in Invocations
 11254 | D:11     | Reached ***** piety under Cheibriados
 11399 | D:11     | Noticed an eight-headed hydra
 11417 | D:11     | Killed an eight-headed hydra
 11564 | D:11     | Learned a level 2 spell: Blink
 11568 | D:11     | Learned a level 3 spell: Mephitic Cloud
 11711 | D:11     | Noticed a two-headed ogre
 11721 | D:11     | Killed a two-headed ogre
 12042 | D:11     | Reached skill level 1 in Conjurations
 12042 | D:11     | Reached skill level 1 in Poison Magic
 12071 | D:11     | Found a staircase to the Lair.
 12238 | D:11     | Reached skill level 1 in Translocations
 12238 | D:11     | Reached skill level 1 in Air Magic
 12626 | D:12     | Noticed a two-headed ogre
 12637 | D:12     | Killed a two-headed ogre
 12668 | D:12     | HP: 4/89 [manticore (3)]
 13398 | D:10     | Found a runed translucent gate.
 13523 | D:10     | Killed Grum
 13722 | D:10     | Found a runed translucent gate.
 13723 | D:10     | Found a runed translucent gate.
 13725 | D:10     | Noticed Terrapin's ghost (novice DgFE)
 13726 | D:10     | Noticed knot's ghost (novice DsBe)
 13847 | D:8      | Found Apacanwe's General Store.
 13905 | D:8      | Reached skill level 6 in Shields
 13931 | D:8      | Killed Gastronok
 13932 | D:8      | Gained mutation: You have razor-sharp toenails. [demonic
                  | ancestry]
 13932 | D:8      | Reached XP level 12. HP: 73/96 MP: 3/19
 14131 | D:8      | Bought a scroll of identify for 30 gold pieces
 14131 | D:8      | Bought a potion of heal wounds for 75 gold pieces
 14131 | D:8      | Bought a wand of acid (7) for 330 gold pieces
 14349 | Lair:1   | Entered Level 1 of the Lair of Beasts
 14383 | Lair:1   | Noticed a six-headed hydra
 14393 | Lair:1   | Killed a six-headed hydra
 15309 | Lair:1   | Noticed a four-headed hydra
 15357 | Lair:1   | Killed a four-headed hydra
 15436 | Lair:1   | HP: 4/96 [poisoned by a cane toad]
 15443 | Lair:1   | HP: 4/96 [poisoned by a cane toad]
 16435 | Lair:2   | Found a staircase to the Snake Pit.
 16883 | Lair:2   | Learned a level 3 spell: Teleport Other
 16887 | Lair:2   | Learned a level 3 spell: Gell's Gravitas
 16891 | Lair:2   | Learned a level 3 spell: Lesser Beckoning
 17019 | Lair:2   | Reached skill level 10 in Unarmed Combat
 17163 | Lair:2   | Reached skill level 7 in Shields
 17533 | Lair:2   | Found a staircase to the Swamp.
 18142 | Lair:3   | Noticed a five-headed hydra
 18154 | Lair:3   | Killed a five-headed hydra
 18347 | Lair:3   | Noticed a seven-headed hydra
 18347 | Lair:3   | Noticed a four-headed hydra
 18482 | Lair:3   | Killed a seven-headed hydra
 18483 | Lair:3   | Reached XP level 13. HP: 79/104 MP: 20/20
 19542 | Lair:4   | Reached skill level 10 in Invocations
 20356 | Lair:4   | Learned a level 1 spell: Animate Skeleton
 21611 | Lair:5   | Reached skill level 10 in Fighting
 21611 | Lair:5   | Reached skill level 8 in Shields
 21914 | Lair:6   | Entered Level 6 of the Lair of Beasts
 22136 | Lair:6   | Reached skill level 10 in Dodging
 22195 | Lair:6   | Found a runed translucent door.
 22195 | Lair:6   | Found a viscous altar of Jiyva.
 22195 | Lair:6   | Found a staircase to the Slime Pits.
 22195 | Lair:6   | Noticed an azure jelly
 22195 | Lair:6   | Noticed an azure jelly
 22340 | Lair:6   | Reached skill level 9 in Shields
 22574 | Orc:1    | Entered Level 1 of the Orcish Mines
 22705 | Orc:2    | Entered Level 2 of the Orcish Mines
 22705 | Orc:2    | Found a staircase to the Elven Halls.
 22705 | Orc:2    | Noticed Urug
 22714 | Orc:2    | Killed Urug
 22788 | Orc:1    | Gained mutation: You are mostly covered in rugged brown
                  | scales. (AC +2, +5% HP) [demonic ancestry]
 22788 | Orc:1    | Reached XP level 14. HP: 88/115 MP: 23/23
 22828 | Orc:1    | Reached ****** piety under Cheibriados
 23185 | Orc:2    | Found Vunwet's Jewellery Emporium.
 23185 | Orc:2    | Found Fonguroll's Antique Armour Boutique.
 23186 | Orc:2    | Found Boit's Weapon Boutique.
 23186 | Orc:2    | Found Axiafuh's Gadget Shoppe.
 23191 | Orc:2    | Reached skill level 10 in Shields
 23205 | Orc:2    | Reached skill level 11 in Shields
 23263 | Orc:2    | Paralysed by an ogre mage for 2 turns
 23284 | Orc:2    | Bought an uncursed amulet of regeneration for 390 gold
                  | pieces
 23296 | Orc:2    | Bought a condenser vane for 560 gold pieces
 23346 | Orc:2    | Found a roughly hewn altar of Beogh.
 23414 | Orc:2    | Reached skill level 12 in Shields
 23479 | Orc:2    | Found Newueruh's Weapon Boutique.
 25441 | D:11     | Reached skill level 13 in Shields
 25901 | D:12     | Found a runed translucent door.
 26072 | D:10     | Killed knot's ghost
 26095 | D:10     | Killed Terrapin's ghost
 26098 | D:10     | HP: 5/115 [burnt (5)]
 26099 | D:10     | HP: 2/115 [burnt (4)]
 26100 | D:10     | Incinerated by Terrapin's ghost

Illustrated notes

Levels and vault maps discovered:
D:1:      ncdulo_halloftheorcs, layout_basic
D:2:      layout_basic, minmay_cupped, uniq_sigmund
D:3:      layout_rooms, nrook_campfire, mrwooster_statue_mirror
D:4:      layout_basic, gammafunk_ghost_arena,
          nicolae_ossuary_entry_false_entrances, st_stairs_1,
          minmay_starry_boxes, uniq_blork_the_orc
D:5:      layout_loops_corners, grunt_decor_resistance
D:6:      layout_rooms, nicolae_tso_carved_into_rock,
          minmay_temple_entry_sparse_star, grunt_ministairs_15
D:7:      layout_loops_cross, uniq_prince_ribbit1
D:8:      layout_rooms, serial_shops, nicolae_shop_waterfront,
          minmay_misc_feat_tiny, uniq_gastronok, uniq_pikel
D:9:      minmay_inner_zag, layout_long_grid, gammafunk_ghost_stat_death,
          serial_shops, shop, chequers_serial_rivers_micro_d
D:10:     layout_long_grid, nicolae_trove_entry_isolated,
          gammafunk_ghost_cemetery, serial_shops, kennysheep_mini, uniq_grum,
          uniq_nergalle, uniq_joseph
D:11:     layout_basic, lair_entry_dummy, gauntlet_entry_generic
D:12:     layout_basic, minmay_crystal_box
Temple:   grunt_wide_crystal_templ
Lair:1:   layout_regular_city, fungi_pond_lemuel
Lair:2:   wad_woods_minihive, layout_hall_layers, minmay_swamp_entry_reptiles,
          minmay_snake_entry_guardpost_small, special_room
Lair:3:   layout_misc_corridors, grunt_forest_small_clearing_treed
Lair:4:   layout_regular_city, columned_hall_lemuel, beast_lair_carwin_2,
          lemuel_fruit_tree
Lair:5:   layout_hall_layers
Lair:6:   due_jungle_book, layout_small_grid, slime_altar_2
Orc:1:    layout_caves, serial_shops, shop, mines5_lemuel
Orc:2:    st_orc_ogre_mass, layout_diamond_mine, basic_altar, serial_shops,
          shop, uniq_urug

Skill      XL: |  1  2  3  4  5  6  7  8  9 10 11 12 13 14 |
---------------+-------------------------------------------+-----
Dodging        | 1 2 4 5 6 7 8 9 10 | 10.0
Fighting       | 3 4 5 6 7 8 9 10 | 10.0
Spellcasting   | 1 2 3 5 |  5.0
Unarmed Combat | 1 2 4 6 7 9 10 | 10.0
Shields        | 2 3 5 6 7 9 13 | 13.5
Invocations    | 4 6 9 12 | 12.0
Transmutations | 2 3 |  3.7
Conjurations   | 2 3 4 |  4.0
Poison Magic   | 2 |  2.0
Translocations | 2 4 |  4.0
Air Magic      | 2 |  2.0
Short Blades   | |  1.7
Throwing       | |  1.7
Stealth        | |  3.6

Action                   |  1- 3 |  4- 6 |  7- 9 | 10-12 | 13-15 || total
-------------------------+-------+-------+-------+-------+-------++-------
Melee: Dagger            |   116 |   312 |    54 |    13 |       ||   495
       Punch             |       |     3 |     1 |       |       ||     4
       Short sword       |       |       |   272 |   400 |       ||   672
       Unarmed           |       |       |       |   537 |  1084 ||  1621
Throw: Dart              |    11 |       |     3 |   133 |   111 ||   258
 Cast: Blade Hands       |       |       |       |     1 |       ||     1
       Wereblood         |       |       |       |       |    20 ||    20
       Mephitic Cloud    |       |       |       |       |     4 ||     4
       Lesser Beckoning  |       |       |       |       |     3 ||     3
       Blink             |       |       |       |       |     2 ||     2
Invok: Slouch            |       |       |       |     9 |    10 ||    19
Evoke: Wand              |       |     1 |     7 |    18 |    24 ||    50
       Condenser vane    |       |       |       |       |     1 ||     1
  Use: Potion            |     1 |     1 |     2 |    12 |     3 ||    19
       Scroll            |       |     5 |    17 |     5 |     1 ||    28
 Stab: Sleeping          |     4 |     6 |     6 |    20 |     4 ||    40
       Paralysed         |       |       |     2 |     9 |    27 ||    38
       Invisible         |       |       |       |     7 |       ||     7
       Confused          |       |       |       |       |     9 ||     9
       Distracted        |       |       |       |       |     1 ||     1
Armor: Robe              |    28 |    59 |    59 |    41 |       ||   187
       Skin              |     3 |       |     7 |     6 |       ||    16
       Leather armour    |       |       |       |   164 |   207 ||   371
Dodge: Dodged            |    52 |   231 |   245 |   746 |   743 ||  2017
Block: Kite shield       |       |       |   148 |   727 |   904 ||  1779

Table legend: (Time is in decaauts)
 A = Elapsed time spent in this place.
 B = Non-inter-level travel time spent in this place.
 C = Inter-level travel time spent in this place.
 D = Time resting spent in this place.
 E = Time spent auto-exploring this place.
 F = Levels seen in this place.
 G = Mean time per level.
                   A        B        C        D        E       F      G
               +--------+--------+--------+--------+--------+-----+--------+
         Total |  34790 |  31978 |   2812 |   3402 |  22002 |  22 | 1581.4 |
       Dungeon |  18275 |  16699 |   1576 |   1934 |  11267 |  12 | 1522.9 |
        Temple |     92 |     77 |     15 |      0 |     71 |   1 |   92.0 |
          Lair |  13894 |  12802 |   1092 |   1468 |   9025 |   6 | 2315.7 |
  Orcish Mines |   2043 |   1915 |    128 |      0 |   1356 |   2 | 1021.5 |
       Ossuary |    485 |    485 |      0 |      0 |    282 |   1 |  485.0 |
               +--------+--------+--------+--------+--------+-----+--------+

Top non-repeatable levels by time:
     D:9: 3179 daAuts
  Lair:1: 2858 daAuts
    D:11: 2763 daAuts
  Lair:2: 2642 daAuts
  Lair:6: 2549 daAuts
  Lair:4: 2250 daAuts
    D:10: 1895 daAuts
    D:12: 1867 daAuts
  Lair:3: 1825 daAuts
  Lair:5: 1767 daAuts
     D:2: 1376 daAuts
     D:1: 1359 daAuts
     D:7: 1229 daAuts
   Orc:2: 1211 daAuts
     D:8: 1039 daAuts
